 Dungeon Crawl Stone Soup version 0.32-a0-576-g706899e (webtiles) character file.

Game seed: 6678092013845028899

337192 LovePicaresque the Skullcrusher (level 21, -1/214 (215) HPs)
             Began as a Minotaur Fighter on Mar 1, 2024.
             Was a High Priest of Okawaru.
             Slain by a fire elemental (4 damage)
             ... summoned by a deep elf pyromancer
             ... on level 2 of the Elven Halls.
             The game lasted 01:25:23 (53208 turns).

LovePicaresque the Skullcrusher (Minotaur Fighter) Turns: 53208, Time: 01:25:24

HP:   -1/214 (215)  AC: 28    Str: 35    XL:     21   Next: 0%
MP:   23/29         EV: 18    Int: 12    God:    Okawaru [*****.]
Gold: 2162          SH:  5    Dex: 19    Spells: 20/20 levels left

rFire   + . .        a - +9 great mace of Chance {flame, rC++}
rCold   + + +        (shield currently unavailable)
rNeg    . . .        Y - +7 ring mail of the Meager God {rPois Str+5}
rPois   +            f - +2 hat
rElec   +            P - +0 cloak {rCorr}
rCorr   +            c - +1 pair of gloves "Meteof" {Int+7}
SInv    .            g - +1 pair of boots {Fly}
Will    ++...        w - amulet of Vumom {Reflect Dex+7 SH+5}
Stlth   +            m - ring of willpower
HPRegen 0.55/turn    V - ring of protection from cold
MPRegen 0.21/turn

%: reflection
@: on fire, resistant, heroic, finesse-ful, attractive, flying, glowing,
studying Axes, lightly drained
A: horns 2, retaliatory headbutt
}: 2/15 runes: decaying, gossamer
a: Renounce Religion, Heroism, Finesse, Duel


You were on level 2 of the Elven Halls.
You worshipped Okawaru.
Okawaru was extremely pleased with you.
You visited 8 branches of the dungeon, and saw 37 of its levels.
You also visited: Bailey, Gauntlet and Ice Cave.

You collected 4097 gold pieces.
You spent 1935 gold pieces at shops.

Inventory:

Hand Weapons
 a - the +9 great mace of Chance (weapon) {flame, rC++}
   (You acquired it on level 9 of the Dungeon)

   rC++:      It greatly protects you from cold.
 b - a +4 bardiche of protection
 s - the +7 falchion "Hughoj" {drain, rC+ rN+++ Str-3 Stlth+}
   (You took it off an ironbound preserver on level 1 of the Vaults)

   Str-3:     It affects your strength (-3).
   rC+:       It protects you from cold.
   rN+++:     It renders you almost immune to negative energy.
   Stlth+:    It makes you more stealthy.
Missiles
 o - 7 silver javelins
 t - 31 curare-tipped darts
 x - 3 throwing nets (quivered)
 O - 38 javelins
Armour
 c - the +1 pair of gloves "Meteof" (worn) {Int+7}
   (You acquired it in a Gauntlet)

   Int+7:     It affects your intelligence (+7).
 f - a +2 hat (worn)
 g - a +1 pair of boots of flying (worn)
 h - the +2 robe "Cutiog" {*Corrode Fly MP+9 Stlth+}
   (You took it off Boris on level 1 of the Vaults)

   MP+9:      It affects your magic capacity (+9).
   Fly:       It grants you flight.
   *Corrode:  It may corrode you when you take damage.
   Stlth+:    It makes you more stealthy.
 k - a +1 cloak of willpower
 l - a +0 kite shield of reflection
 P - a +0 cloak of preservation (worn)
 Q - the +4 chain mail "Ciczihu" {Int+4 Stlth+}
   (You found it on level 3 of the Vaults)

   Int+4:     It affects your intelligence (+4).
   Stlth+:    It makes you more stealthy.
 S - the +1 robe of Geepis {*Slow rN+ rCorr Dex+2}
   (You found it on level 3 of the Vaults)

   Dex+2:     It affects your dexterity (+2).
   rN+:       It protects you from negative energy.
   rCorr:     It protects you from acid and corrosion.
   *Slow:     It may slow you when you take damage.
 X - the +23 crystal plate armour of the Cricket {Rampage +Blink Str-3 Dex+8}
   (Okawaru gifted it to you on level 5 of the Lair of Beasts)

   Str-3:     It affects your strength (-3).
   Dex+8:     It affects your dexterity (+8).
   +Blink:    It lets you blink.
   Rampage:   It bestows one free step when moving towards enemies.
 Y - the +7 ring mail of the Meager God (worn) {rPois Str+5}
   (You found it on level 5 of the Lair of Beasts)

   Str+5:     It affects your strength (+5).
   rPois:     It protects you from poison.
Jewellery
 m - a ring of willpower (left hand)
 w - the amulet of Vumom (around neck) {Reflect Dex+7 SH+5}
   (You took it off a meliai on level 13 of the Dungeon)

   [amulet of reflection]

   Reflect:   It reflects blocked missile attacks.
   Dex+7:     It affects your dexterity (+7).
   SH+5:      It affects your SH (+5).
 V - a ring of protection from cold (right hand)
Wands
 i - a wand of digging (11)
 n - a wand of quicksilver (29)
 v - a wand of flame (11)
 y - a wand of mindburst (4)
Scrolls
 e - 2 scrolls of fog
 p - 6 scrolls of enchant armour
 u - 4 scrolls of identify
 z - a scroll of silence
 A - 3 scrolls of poison
 D - 3 scrolls of teleportation
 F - 2 scrolls of amnesia
 H - a scroll of enchant weapon
 T - 3 scrolls of revelation
 U - 2 scrolls of fear
 Z - 7 scrolls of immolation
Potions
 d - 6 potions of might
 j - a potion of attraction
 q - 3 potions of heal wounds
 B - 2 potions of berserk rage
 C - 8 potions of haste
 E - 9 potions of curing
 G - 5 potions of mutation
 I - 4 potions of brilliance
 J - 2 potions of lignification
 K - 4 potions of enlightenment
 L - a potion of resistance
 M - 4 potions of ambrosia
 N - a potion of magic
 R - 2 potions of cancellation
Miscellaneous
 r - a lightning rod (4/4)


   Skills:
 * Level 24.4(27) Fighting
 O Level 27 Maces & Flails
 + Level 24.0(27) Armour
 + Level 5.8(10.8) Dodging
 + Level 9.9(14.9) Shields
 - Level 12.0 Invocations


You had 20 spell levels left.
You didn't know any spells.
Your spell library contained the following spells:

 Spells                   Type           Power      Damage    Failure   Level
 Blink                    Tloc           0%         N/A       50%         2
 Cigotuvi's Dreadful Rot  Necr/Alch/Air  0%         N/A       50%         2
 Ensorcelled Hibernation  Hex/Ice        0%         N/A       50%         2
 Lesser Beckoning         Tloc           0%         N/A       50%         2
 Momentum Strike          Conj/Tloc      0%         3d8       50%         2
 Scorch                   Fire           0%         2d5       50%         2
 Static Discharge         Conj/Air       0%         3-3/arc   50%         2
 Dazzling Flash           Conj/Hex       0%         N/A       73%         3
 Frozen Ramparts          Ice            0%         1d1       73%         3
 Fugue of the Fallen      Necr           0%         N/A       73%         3
 Gell's Gravitas          Tloc           0%         N/A       73%         3
 Hailstorm                Conj/Ice       0%         3d5       73%         3
 Inner Flame              Hex/Fire       0%         N/A       73%         3
 Mephitic Cloud           Conj/Alch/Air  0%         N/A       73%         3
 Ozocubu's Armour         Ice            0%         N/A       73%         3
 Teleport Other           Tloc           0%         N/A       73%         3
 Volatile Blastmotes      Fire/Tloc      0%         2d10      73%         3
 Anguish                  Hex/Necr       0%         N/A       98%         4
 Cause Fear               Hex            0%         N/A       98%         4
 Dispel Undead            Necr           0%         3d6       98%         4
 Flame Wave               Conj/Fire      0%         2d4       98%         4
 Fulminant Prism          Conj/Alch      0%         3d5       98%         4
 Ignite Poison            Fire/Alch      0%         N/A       98%         4
 Iskenderun's Mystic Bla  Conj/Tloc      0%         2d3       98%         4
 Leda's Liquefaction      Alch/Erth      0%         N/A       98%         4
 Manifold Assault         Tloc           0%         N/A       98%         4
 Passage of Golubria      Tloc           0%         N/A       98%         4
 Sticky Flame             Fire/Alch      0%         2d4       98%         4
 Alistair's Intoxication  Alch           0%         N/A       100%        5
 Borgnjor's Vile Clutch   Necr/Erth      0%         N/A       100%        5
 Fireball                 Conj/Fire      0%         3d3       100%        5
 Freezing Cloud           Conj/Ice/Air   0%         6-21      100%        5
 Irradiate                Conj/Alch      0%         3d11      100%        5
 Iskenderun's Battlesphe  Conj           0%         2d6       100%        5
 Lee's Rapid Deconstruct  Erth           0%         3d4*      100%        5
 Metabolic Englaciation   Hex/Ice        0%         N/A       100%        5
 Yara's Violent Unravell  Hex/Alch       0%         3d3       100%        5
 Bombard                  Conj/Erth      0%         9d1       100%        6
 Eringya's Noxious Bog    Alch           0%         4d6       100%        6
 Plasma Beam              Fire/Air       0%         2x1d10    100%        6
 Starburst                Conj/Fire      0%         6d3       100%        6
 Ignition                 Fire           0%         3d3       100%        8
 Maxwell's Capacitive Co  Air            0%         ∞         100%        8
 Summon Ice Beast         Ice/Summ       Unusable   N/A       N/A         3
 Tukima's Dance           Hex            Unusable   N/A       N/A         3
 Martyr's Knell           Necr/Summ      Unusable   N/A       N/A         4
 Summon Forest            Summ/Tloc      Unusable   N/A       N/A         5
 Death Channel            Necr           Unusable   N/A       N/A         6
 Sculpt Simulacrum        Ice/Alch       Unusable   N/A       N/A         6
 Summon Cactus Giant      Summ           Unusable   N/A       N/A         6
 Spellforged Servitor     Conj/Summ      Unusable   N/A       N/A         7
 Summon Hydra             Summ           Unusable   N/A       N/A         7

Dungeon Overview and Level Annotations

Branches:
Dungeon (15/15) Zot: 24246  Temple (1/1) D:4 Zot: 5985    Lair (5/5) D:9 Zot: 22127
  Swamp (4/4) Lair:2 Zot: 19000  Spider (4/4) Lair:3 Zot: 16792   Slime (0/5) Lair:5
    Orc (2/2) D:9 Zot: 7697     Elf (2/3) Orc:2 Zot: 10440  Vaults (4/5) D:14 Zot: 13633
  Crypt (0/3) Vaults:2     Depths (0/4) D:15         Bailey (visited)
  IceCv (visited)         Gauntlet (visited)

Altars:
Ashenzari
Cheibriados
Dithmenos
Elyvilon
Fedhas
Gozag
Hepliaklqana
Kikubaaqudgha
Makhleb
Nemelex Xobeh
Okawaru
Qazlal
Ru
Sif Muna
Trog
Uskayaw
Vehumet
Wu Jian
Xom
Yredelemnul
Zin
The Shining One
Beogh
Jiyva

Shops:
D:1 (   Orc:2 [(([   Vaults:1 (   Vaults:2 [   Vaults:4 *

Annotations:
D:15 3 runed translucent doors, Eppic's ghost, journeyman DsFi
Elf:2 3 runed translucent doors


Innate Abilities, Weirdness & Mutations

You have a pair of horns on your head.
You reflexively headbutt those who attack you in melee.


Message History

You are covered in intense liquid fire!
The deep elf zephyrmancer barely misses you.
The deep elf zephyrmancer closely misses you.
You furiously retaliate!
You headbutt the deep elf zephyrmancer!
The +1 long sword of electrocution hits you but does no damage.
You are electrocuted!
* * * LOW HITPOINT WARNING * * *
The +2 short sword of venom is attracted toward you.
Okay, then.
Okay, then.
You feel protected. The liquid fire burns you!
* * * LOW HITPOINT WARNING * * *
The fire elemental hits you.
The +3 heavy hand axe barely misses you.
The +1 long sword of electrocution hits you but does no damage.
The deep elf zephyrmancer mumbles some strange words.
The deep elf zephyrmancer blinks!
The deep elf zephyrmancer mumbles some strange words.
The deep elf zephyrmancer blinks!
The deep elf pyromancer hits you but does no damage.
A deep elf pyromancer comes into view. It is wielding a +0 long sword.
The deep elf zephyrmancer is attracted toward you. x3
The deep elf pyromancer is attracted toward you.
You take 5 HP, and have [17/214] HP You feel much better.
The liquid fire burns you!
* * * LOW HITPOINT WARNING * * *
The +1 long sword of electrocution hits you!
* * * LOW HITPOINT WARNING * * *
The fire elemental hits you.
The +3 heavy hand axe barely misses you.
You block the +2 short sword of venom's attack.
The +1 long sword of electrocution hits you!
* * * LOW HITPOINT WARNING * * *
The deep elf pyromancer hits you but does no damage.
The deep elf zephyrmancer casts a spell.
The deep elf zephyrmancer blinks!
The fire elemental hits you. The fire elemental burns you! You resist.
You die...

.....§ .. . ....§
... .. .... .§.. #
... ..§ ##.... #
...... .. #..#... #
#....... §#.§.§#..
#
..#......e#Ee§.e.#.
## .(..# #.@e.....#
.###.....
#.(((......
..+(.....
#.....§.....
#.+(.....
#......e....
..+......
#......§....
.###.....
.#.......§.. ##
....# ...#........#
# .#.
.....#.....§#. # ..


You could see 2 deep elf pyromancers, 3 deep elf zephyrmancers, a fire elemental
(summoned) and 3 dancing weapons.

Vanquished Creatures
  Mara (Swamp:3)
  The ghost of Viwk the Shatterer, a veteran AtGl of Okawaru (Vaults:1)
  Boris (Vaults:1)
  Sojobo (Vaults:1)
  Saint Roka (Orc:2)
  Bai Suzhen (Swamp:3)
  Arachne (Arena)
  Zenata (Vaults:1)
  Jorgrun (Arena)
  5 sphinxes
  2 tengu reavers (Vaults:2)
  Frances (Swamp:1)
  2 thorn hunters
  Donald (Swamp:3)
  A fire giant (Vaults:4)
  2 deep elf sorcerers
  Roxanne (D:15)
  6 emperor scorpions
  7 vault wardens
  3 ghost moths
  A curse skull (Arena)
  An orc warlord (Orc:2)
  Louise (Swamp:3)
  2 stone giants
  A formless jellyfish (Vaults:2)
  20 ironbound preservers
  3 very ugly things (Vaults:2)
  7 ironbound thunderhulks
  A deep elf death mage (Vaults:2)
  A deep elf annihilator (Vaults:1)
  9 dire elephants
  7 eleionomae
  4 bunyips
  A minotaur (Gauntlet)
  5 spark wasps
  3 war gargoyles
  An eidolon (Vaults:2)
  A green death (Gauntlet)
  A crystal guardian (Vaults:4)
  2 shambling mangroves
  2 deep elf high priests (Vaults:1)
  9 entropy weavers
  Josephine (Lair:4)
  Fannar (Arena)
  10 yaktaur captains
  3 vault guards (Vaults:2)
  Harold (Orc:1)
  A fire dragon (D:14)
  22 hydras
  Erolcha (D:12)
  3 great orbs of eyes
  7 ironbound frosthearts
  2 peacekeepers (Vaults:4)
  2 ogre magi
  8 alligators
  5 radroaches
  3 catoblepae
  12 centaur warriors
  11 boulder beetles
  11 two-headed ogres
  3 jorogumos
  13 death yaks
  10 dancing weapons
  A deep troll shaman (Lair:5)
  2 vampire magi
  A sphinx skeleton (D:15)
  10 demonic crawlers
  A spriggan berserker (Swamp:4)
  Urug (D:12)
  Sonja (Orc:1)
  10 deep elf knights
  Nergalle (Lair:2)
  A skyshark (Lair:3)
  8 spriggans
  34 deep trolls
  7 pharaoh ants
  6 orb spiders
  A glowing orange brain (D:14)
  10 skeletal warriors
  A deep troll (shapeshifter) (Vaults:1)
  6 goliath frogs
  4 sun moths (Spider:4)
  8 arcanists
  16 swamp dragons
  4 deep elf archers
  4 lindwurms
  4 spriggan druids
  4 harpies
  4 orc knights
  2 bog bodies
  12 ironbound convokers
  2 phantasmal warriors (Vaults:1)
  A necromancer (D:15)
  2 thermic dynamos (Elf:1)
  20 deep elf pyromancers
  12 deep elf zephyrmancers
  7 steelbarb worms (Spider:4)
  6 orc sorcerers
  12 ugly things
  20 wolf spiders
  4 will-o-the-wisps
  3 manticores
  5 kobold blastminers
  A cyclops (D:15)
  2 moths of wrath
  Maurice (D:7)
  17 elephants
  14 meliai
  3 ice statues (IceCv)
  18 vault sentinels
  14 cane toads
  A gargoyle (D:12)
  4 black mambas
  7 torpor snails
  A rime drake (Lair:5)
  An unseen horror (D:12)
  10 komodo dragons
  32 yaktaurs
  Psyche (D:8)
  3 kobold demonologists
  3 tengu conjurers
  6 trolls
  13 tyrant leeches
  A bloated husk (Swamp:3)
  6 polar bears
  25 tarantellas
  A polar bear (shapeshifter) (Elf:2)
  2 raiju (D:10)
  Grinder (D:3)
  7 hornets
  18 blink frogs
  33 jumping spiders
  A dream sheep (Lair:3)
  Sigmund (D:2)
  15 culicivoras
  19 slime creatures
  A shadow (D:11)
  A vampire (D:13)
  5 water elementals
  3 wyverns
  A dire elephant simulacrum (IceCv)
  4 small abominations (Gauntlet)
  7 wraiths
  2 air elementals (Elf:1)
  6 humans
  39 yaks
  A spriggan skeleton (D:15)
  7 basilisks
  2 fire elementals (Elf:1)
  4 wargs
  14 vampire mosquitoes
  A steam dragon (Lair:2)
  A death yak simulacrum (IceCv)
  56 redbacks
  13 swamp worms
  A harpy simulacrum (IceCv)
  3 acid dragons
  18 water moccasins
  13 swamp drakes
  A hydra simulacrum (IceCv)
  40 orc warriors
  A sky beast (D:6)
  5 black bears
  2 ogres (Orc:2)
  An ogre (shapeshifter) (Vaults:3)
  4 boggarts (Vaults:3)
  21 wolves
  5 centaurs
  8 kobold brigands
  14 bullfrogs
  39 scorpions
  4 earth elementals
  3 cane toad simulacra (IceCv)
  16 killer bees
  2 elephant simulacra
  A vampire bat (Orc:1)
  A howler monkey (D:5)
  8 electric eels
  3 bombardier beetles
  Crazy Yiuf (D:6)
  7 hounds
  31 orc priests
  4 jellies
  2 sleepcaps (D:5)
  A gnoll bouda (D:8)
  Jessica (D:2)
  Natasha (thrice) (D:3)
  5 iguanas
  34 orc wizards
  A polar bear simulacrum (Lair:1)
  A wolf simulacrum (IceCv)
  Robin (D:2)
  11 adders
  9 gnolls
  A white imp (D:8)
  2 ufetubi
  5 ribbon worms
  145 orcs
  12 bats
  7 endoplasms
  9 hobgoblins
  4 jackals
  3 quokkas
  4 ball pythons
  3 frilled lizards
  19 goblins
  23 kobolds
  5 rats
  A spectral weapon (Vaults:1)
1530 creatures vanquished.

Vanquished Creatures (others)
  An ironbound thunderhulk (Vaults:1)
  A yaktaur captain (Vaults:1)
  A deep troll (Vaults:1)
  An ugly thing (IceCv)
  A bloated husk (Swamp:3)
  2 swamp worms
  A boggart (Elf:1)
  An orc (Orc:2)
  10 foxfires
19 creatures vanquished.

Grand Total: 1549 creatures vanquished

Notes
Turn   | Place    | Note
-------+----------+-------------------------------------------
     0 | D:1      | LovePicaresque the Minotaur Fighter began the quest for the
                  | Orb.
     0 | D:1      | Reached XP level 1. HP: 19/19 MP: 0/0
   158 | D:1      | Reached XP level 2. HP: 27/27 MP: 1/1
   235 | D:1      | Reached skill level 3 in Maces & Flails
   248 | D:1      | Found Yxod's Weapon Boutique.
   435 | D:2      | Reached XP level 3. HP: 15/34 MP: 2/2
   556 | D:2      | Noticed Robin
   585 | D:2      | Reached XP level 4. HP: 33/41 MP: 3/3
   595 | D:2      | Killed Robin
   596 | D:2      | Reached skill level 4 in Maces & Flails
   855 | D:2      | Reached skill level 5 in Fighting
   969 | D:2      | Noticed Sigmund
  1073 | D:2      | Killed Sigmund
  1074 | D:2      | Reached skill level 5 in Maces & Flails
  1074 | D:2      | Reached XP level 5. HP: 50/50 MP: 4/4
  1074 | D:2      | Reached XP level 6. HP: 57/57 MP: 5/5
  1260 | D:2      | Noticed Jessica
  1262 | D:2      | Killed Jessica
  1263 | D:2      | Reached skill level 5 in Armour
  1383 | D:3      | Noticed Grinder
  1407 | D:3      | Killed Grinder
  1408 | D:3      | Reached skill level 6 in Maces & Flails
  1408 | D:3      | Reached XP level 7. HP: 51/64 MP: 6/6
  1469 | D:3      | Noticed Natasha
  1475 | D:3      | Killed Natasha
  2019 | D:3      | Noticed Natasha
  2024 | D:3      | Killed Natasha
  2316 | D:3      | Noticed Natasha
  2324 | D:3      | Killed Natasha
  2642 | D:4      | Reached skill level 7 in Maces & Flails
  2737 | D:4      | Found a staircase to the Ecumenical Temple.
  2749 | Temple   | Entered the Ecumenical Temple
  2756 | Temple   | Became a worshipper of Warmaster Okawaru
  2868 | D:4      | Found a shimmering blue altar of Sif Muna.
  2995 | D:4      | Reached XP level 8. HP: 74/74 MP: 7/7
  3076 | D:4      | Found a white marble altar of Elyvilon.
  3127 | D:4      | Found a sparkling altar of Nemelex Xobeh.
  3311 | D:4      | Reached skill level 1 in Invocations
  3482 | D:5      | Entered Level 5 of the Dungeon
  3678 | D:5      | Reached skill level 8 in Maces & Flails
  4005 | D:5      | Reached * piety under Okawaru
  4764 | D:6      | Found a hazy altar of Hepliaklqana.
  4809 | D:6      | Reached skill level 9 in Maces & Flails
  4816 | D:6      | Reached XP level 9. HP: 76/83 MP: 9/9
  4879 | D:6      | Reached ** piety under Okawaru
  4999 | D:6      | Found a burning altar of Makhleb.
  5039 | D:6      | Found a broken altar of Ashenzari.
  5204 | D:6      | Found a runed translucent door.
  5205 | D:6      | Noticed Crazy Yiuf
  5331 | D:6      | Found an ornate altar of the Wu Jian Council.
  5342 | D:6      | Found a radiant altar of Vehumet.
  5431 | D:6      | Killed Crazy Yiuf
  5541 | D:7      | Reached skill level 10 in Fighting
  5545 | D:7      | Noticed Maurice
  5555 | D:7      | Killed Maurice
  5556 | D:7      | Reached skill level 10 in Maces & Flails
  5675 | D:7      | Reached *** piety under Okawaru
  6146 | D:8      | Noticed Psyche
  6180 | D:8      | Killed Psyche
  6188 | D:8      | Reached XP level 10. HP: 68/95 MP: 12/12
  6228 | D:8      | Reached **** piety under Okawaru
  6241 | D:8      | Reached skill level 11 in Maces & Flails
  7016 | D:9      | Reached skill level 5 in Invocations
  7025 | D:9      | Found a staircase to the Orcish Mines.
  7038 | D:9      | Found a staircase to the Lair.
  7113 | D:9      | Reached skill level 12 in Maces & Flails
  7120 | D:9      | Found a flagged portal.
  7153 | Bailey   | Entered a bailey
  7547 | Bailey   | Noticed an orc knight
  7547 | Bailey   | Noticed an orc knight
  7585 | Bailey   | Killed an orc knight
  7586 | Bailey   | Reached XP level 11. HP: 105/105 MP: 6/14
  7593 | Bailey   | Killed an orc knight
  7867 | D:9      | Acquired the +9 great mace of Chance {flame, rC++}
  8235 | Orc:1    | Entered Level 1 of the Orcish Mines
  8235 | Orc:1    | Noticed an orc sorcerer
  8289 | Orc:1    | Paralysed by an orc sorcerer for 5 turns
  8295 | Orc:1    | Killed an orc sorcerer
  8295 | Orc:1    | Reached ***** piety under Okawaru
  8341 | Orc:1    | Noticed an orc sorcerer
  8347 | Orc:1    | Killed an orc sorcerer
  8356 | Orc:1    | Noticed Harold
  8363 | Orc:1    | Paralysed by Harold for 4 turns
  8372 | Orc:1    | Killed Harold
  8373 | Orc:1    | Reached skill level 13 in Maces & Flails
  8547 | Orc:2    | Entered Level 2 of the Orcish Mines
  8746 | Orc:2    | Reached skill level 10 in Armour
  8919 | Orc:2    | Found Atsaaqac's Antique Weapon Shop.
  9010 | Orc:2    | Found a roughly hewn altar of Beogh.
  9021 | Orc:2    | Found Kiun's Distillery.
  9029 | Orc:2    | Bought 2 potions of enlightenment for 170 gold pieces
  9029 | Orc:2    | Bought a potion of resistance for 170 gold pieces
  9029 | Orc:2    | Bought a potion of ambrosia for 136 gold pieces
  9029 | Orc:2    | Bought a potion of magic for 136 gold pieces
  9378 | Orc:2    | Noticed a two-headed ogre
  9381 | Orc:2    | Killed a two-headed ogre
  9382 | Orc:2    | Reached skill level 14 in Maces & Flails
  9417 | Orc:2    | Received a gift from Okawaru
  9577 | Orc:2    | Noticed an orc warlord
  9606 | Orc:2    | Killed an orc warlord
  9607 | Orc:2    | Reached XP level 12. HP: 64/116 MP: 14/16
  9915 | Orc:2    | Paralysed by an orc sorcerer for 5 turns
  9945 | Orc:2    | Noticed Saint Roka
 10312 | Orc:1    | Noticed Jorgrun
 10320 | Orc:1    | Noticed Fannar
 10321 | Arena    | Entered the Arena
 10329 | Arena    | HP: 2/116 [Jorgrun/iron shot (34)]
 10332 | Arena    | Killed Jorgrun
 10358 | Arena    | Entered the Arena
 10363 | Arena    | Killed Fannar
 10364 | Arena    | Reached skill level 15 in Maces & Flails
 10389 | Orc:1    | Noticed Sonja
 10396 | Orc:1    | Killed Sonja
 11470 | Orc:2    | Killed Saint Roka
 11772 | Orc:2    | Found Hiuta's Antique Weapon Shop.
 11773 | Orc:2    | Found a roughly hewn altar of Beogh.
 11774 | Orc:2    | Found Wothifus's Antique Armour Boutique.
 11811 | Orc:2    | Found a roughly hewn altar of Beogh.
 11833 | Orc:2    | Found a roughly hewn altar of Beogh.
 11882 | Orc:2    | Found a staircase to the Elven Halls.
 12083 | Orc:2    | Found a roughly hewn altar of Beogh.
 12099 | Orc:2    | Reached skill level 16 in Maces & Flails
 12101 | Orc:2    | Found Okkuboyqi's Armour Shop.
 12291 | Orc:2    | Bought a potion of curing for 51 gold pieces
 12291 | Orc:2    | Bought 2 potions of heal wounds for 170 gold pieces
 12291 | Orc:2    | Bought a potion of berserk rage for 85 gold pieces
 12291 | Orc:2    | Bought a potion of brilliance for 68 gold pieces
 12291 | Orc:2    | Bought a potion of curing for 51 gold pieces
 12337 | Lair:1   | Entered Level 1 of the Lair of Beasts
 12430 | Lair:1   | Found a frozen archway.
 12443 | IceCv    | Entered an ice cave
 12476 | IceCv    | Received a gift from Okawaru
 12528 | IceCv    | Reached XP level 13. HP: 108/125 MP: 18/18
 12598 | IceCv    | Got Sif Muna's Parchment of the Chill
 13440 | Lair:2   | Received a gift from Okawaru
 13573 | Lair:2   | Noticed Nergalle
 13580 | Lair:2   | Killed Nergalle
 13639 | Lair:2   | Reached skill level 15 in Fighting
 13891 | Lair:2   | Found a staircase to the Swamp.
 14019 | Lair:2   | Reached skill level 17 in Maces & Flails
 14364 | Lair:3   | Received a gift from Okawaru
 15359 | Lair:3   | Found a hole to the Spider Nest.
 15422 | Lair:3   | Received a gift from Okawaru
 15543 | Lair:3   | Reached skill level 10 in Invocations
 15562 | Lair:3   | Reached skill level 18 in Maces & Flails
 15562 | Lair:3   | Reached XP level 14. HP: 127/136 MP: 20/20
 15595 | Lair:3   | Found a runed translucent door.
 16928 | Lair:4   | Noticed Josephine
 16933 | Lair:4   | Killed Josephine
 16941 | Lair:4   | Received a gift from Okawaru
 17524 | Lair:5   | Entered Level 5 of the Lair of Beasts
 17649 | Lair:5   | Reached skill level 19 in Maces & Flails
 17906 | Lair:5   | Reached ****** piety under Okawaru
 17912 | Lair:5   | Received a gift from Okawaru
 17947 | Lair:5   | Got the Parchment of the Birds and Algor
 17974 | Lair:5   | Acquired the +8 whip "Snakebite" {venom, curare, rPois}
 17974 | Lair:5   | Received a gift from Okawaru
 17974 | Lair:5   | Found the +8 whip "Snakebite" {venom, curare, rPois}
 17976 | Lair:5   | Acquired the +23 crystal plate armour of the Cricket
                  | {Rampage +Blink Str-3 Dex+8}
 17976 | Lair:5   | Received a gift from Okawaru
 18050 | Lair:5   | Found a staircase to the Slime Pits.
 18612 | Lair:5   | Received a gift from Okawaru
 19014 | Lair:5   | Reached skill level 20 in Maces & Flails
 19040 | Lair:5   | Identified the +7 ring mail of the Meager God {rPois Str+5}
 19283 | Orc:2    | Bought a pair of glowing boots for 217 gold pieces
 19283 | Orc:2    | Bought an embroidered hat for 203 gold pieces
 19776 | Spider:1 | Entered Level 1 of the Spider Nest
 19799 | Lair:3   | Reached XP level 15. HP: 77/146 MP: 21/21
 20100 | Lair:3   | HP: 7/147 [poisoned by a redback]
 20457 | Spider:1 | Received a gift from Okawaru
 20463 | Spider:1 | Identified the +8 spear "Killer Klown's Doom" {protect,
                  | Str+3}
 20477 | Spider:1 | Reached skill level 15 in Armour
 21245 | Spider:1 | Received a gift from Okawaru
 22063 | Spider:2 | Reached skill level 21 in Maces & Flails
 22403 | Spider:2 | Received a gift from Okawaru
 23006 | Spider:3 | Noticed an emperor scorpion
 23141 | Spider:2 | Killed an emperor scorpion
 23517 | Spider:3 | Received a gift from Okawaru
 24133 | Spider:3 | Reached XP level 16. HP: 157/157 MP: 22/22
 24133 | Spider:3 | Received a gift from Okawaru
 24169 | Spider:3 | Reached skill level 22 in Maces & Flails
 24881 | Spider:4 | Entered Level 4 of the Spider Nest
 25606 | Spider:4 | Received a gift from Okawaru
 26470 | Spider:4 | Received a gift from Okawaru
 26474 | Spider:4 | Noticed Arachne
 26478 | Arena    | Entered the Arena
 26483 | Arena    | Killed Arachne
 26502 | Spider:4 | Reached skill level 23 in Maces & Flails
 26801 | Spider:4 | Identified the +0 robe of Words of Power {Regen+ Int+4}
 27509 | Spider:4 | Received a gift from Okawaru
 27638 | Spider:4 | Identified the +0 hat of Bitterness {rN+}
 27641 | Spider:4 | Got a gossamer rune of Zot
 28110 | Swamp:1  | Entered Level 1 of the Swamp
 28126 | Swamp:1  | Noticed Frances
 28141 | Swamp:1  | Killed Frances
 28148 | Swamp:1  | Reached XP level 17. HP: 113/168 MP: 17/23
 29265 | Swamp:2  | Received a gift from Okawaru
 29969 | Swamp:3  | Reached skill level 24 in Maces & Flails
 30488 | Swamp:3  | Noticed Mara
 30508 | Swamp:3  | Killed Mara
 30511 | Swamp:3  | Noticed Louise
 30522 | Swamp:3  | Killed Louise
 30561 | Swamp:3  | Noticed Bai Suzhen
 30574 | Swamp:3  | Killed Bai Suzhen
 30583 | Swamp:3  | Received a gift from Okawaru
 30636 | Swamp:3  | Noticed Donald
 30645 | Swamp:3  | Killed Donald
 31056 | Swamp:4  | Entered Level 4 of the Swamp
 32325 | Swamp:4  | Received a gift from Okawaru
 32653 | Swamp:4  | Reached XP level 18. HP: 174/178 MP: 25/25
 32670 | Swamp:4  | Reached skill level 25 in Maces & Flails
 32761 | Swamp:4  | Got a decaying rune of Zot
 33451 | D:10     | Entered Level 10 of the Dungeon
 33953 | D:10     | Found a snail-covered altar of Cheibriados.
 34199 | D:11     | Acquired a manual of Armour
 34773 | D:11     | Received a gift from Okawaru
 35338 | D:12     | Found a gate leading to a gauntlet.
 35356 | Gauntlet | Entered a Gauntlet
 35356 | Gauntlet | Found a runed translucent door.
 35356 | Gauntlet | Found a transporter.
 35356 | Gauntlet | Found a runed translucent door.
 35356 | Gauntlet | Found a transporter.
 35368 | Gauntlet | Found a transporter.
 35372 | Gauntlet | Found a transporter.
 35379 | Gauntlet | Found a runed translucent door.
 35381 | Gauntlet | Found a transporter.
 35384 | Gauntlet | Found a transporter.
 35392 | Gauntlet | Found a transporter.
 35411 | Gauntlet | Found a transporter.
 35428 | Gauntlet | Found a transporter.
 35432 | Gauntlet | Found a transporter.
 35440 | Gauntlet | Found a transporter.
 35444 | Gauntlet | Found a transporter.
 35499 | Gauntlet | Acquired the +1 pair of gloves "Meteof" {Int+7}
 35699 | D:12     | You are sucked into a shaft and drop 1 floor!
 36258 | D:13     | Identified the amulet of Vumom {Reflect Dex+7 SH+5}
 36273 | D:13     | Received a gift from Okawaru
 36569 | D:13     | Found a bloodstained altar of Trog.
 36908 | D:12     | Noticed Urug
 36911 | D:12     | Killed Urug
 37006 | D:12     | Noticed Erolcha
 37013 | D:12     | Killed Erolcha
 37135 | D:12     | Found the sphere of Battle
 37729 | D:14     | Found a gate to the Vaults.
 37876 | D:15     | Entered Level 15 of the Dungeon
 37914 | D:15     | Identified the +1 ring mail "Ifrergh" {*Corrode Str+3
                  | Dex+3}
 38075 | D:15     | Found a runed translucent gate.
 38075 | D:15     | Found a runed translucent gate.
 38075 | D:15     | Found a runed translucent gate.
 38091 | D:15     | Found a staircase to the Depths.
 38116 | D:15     | Received a gift from Okawaru
 38440 | D:15     | Found an ornate altar of the Wu Jian Council.
 38924 | D:15     | Noticed Roxanne
 39206 | D:15     | Killed Roxanne
 39477 | D:15     | Noticed Eppic's ghost (journeyman DsFi)
 39480 | D:15     | Found a viscous altar of Jiyva.
 39933 | D:14     | Reached skill level 26 in Maces & Flails
 40520 | Vaults:1 | Entered Level 1 of the Vaults
 40569 | Vaults:1 | Identified the +2 robe "Cutiog" {*Corrode Fly MP+9 Stlth+}
 40569 | Vaults:1 | Noticed Boris
 40585 | Arena    | Entered the Arena
 41377 | Vaults:1 | Found a runed translucent door.
 41410 | Vaults:1 | Identified the +7 falchion "Hughoj" {drain, rC+ rN+++ Str-3
                  | Stlth+}
 41783 | Vaults:1 | Reached XP level 19. HP: 168/189 MP: 27/27
 42124 | Vaults:1 | Found Moralosu's Antique Weapon Boutique.
 42688 | Vaults:1 | Noticed Zenata
 43129 | Vaults:1 | Killed Boris
 43487 | Vaults:1 | Got the Octavo of Bewitching Blasts
 43523 | Vaults:1 | Killed Zenata
 43530 | Vaults:1 | Noticed Viwk's ghost (veteran AtGl)
 43976 | Vaults:1 | Killed Viwk's ghost
 43990 | Vaults:1 | Reached skill level 27 in Maces & Flails
 44282 | Vaults:2 | Noticed Sojobo
 44296 | Vaults:1 | Killed Sojobo
 45413 | Vaults:2 | Found Fojaph's Antique Armour Emporium.
 45416 | Vaults:2 | Bought a glowing cloak for 247 gold pieces
 45431 | Vaults:2 | Reached skill level 5 in Shields
 45820 | Vaults:2 | Found a staircase to the Crypt.
 45826 | Arena    | Entered the Arena
 46703 | Vaults:3 | Identified the +4 chain mail "Ciczihu" {Int+4 Stlth+}
 47232 | Vaults:3 | Reached XP level 20. HP: 180/202 MP: 16/28
 47236 | Vaults:3 | Got the Disquisition on Portents and Hyperthermia
 47252 | Vaults:3 | Received a gift from Okawaru
 48053 | Vaults:3 | Reached skill level 1 in Dodging
 48417 | Vaults:3 | Received a gift from Okawaru
 49181 | Vaults:3 | Identified the +1 robe of Geepis {*Slow rN+ rCorr Dex+2}
 49559 | Vaults:4 | Found Peugeos's Assorted Antiques.
 49567 | Vaults:4 | Bought a scroll of identify for 66 gold pieces
 49567 | Vaults:4 | Bought a scroll of identify for 66 gold pieces
 49567 | Vaults:4 | Bought a scroll of teleportation for 99 gold pieces
 50496 | Vaults:4 | Received a gift from Okawaru
 51383 | Elf:1    | Entered Level 1 of the Elven Halls
 52040 | Elf:1    | Paralysed by an air elemental for 1 turns
 52058 | Elf:1    | Reached skill level 5 in Dodging
 52292 | Elf:1    | Paralysed by an air elemental for 1 turns
 52873 | Elf:2    | Found a runed translucent gate.
 52873 | Elf:2    | Found a runed translucent gate.
 52874 | Elf:2    | Found a runed translucent gate.
 53168 | Elf:2    | Paralysed by an air elemental for 1 turns
 53176 | Arena    | Entered the Arena
 53202 | Elf:2    | Reached XP level 21. HP: 38/214 MP: 29/29
 53208 | Elf:2    | HP: 3/214 [+1 long sword of electrocution (15)]
 53208 | Elf:2    | Slain by a fire elemental

Illustrated notes

Levels and vault maps discovered:
D:1:      orjb1_lava_funnel, layout_rooms, serial_shops,
          nicolae_shop_bloodbath_and_beyond
D:2:      layout_loops_ring, uniq_jessica, uniq_robin, uniq_sigmund
D:3:      layout_loops_ring, serial_aquarium, aquarium_bridge_square
          [aquarium_subvault_balcony, aquarium_subvault_balcony,
          aquarium_subvault_wall, aquarium_subvault_bridge],
          aquarium_bridge_straight [aquarium_subvault_bridge,
          aquarium_subvault_wall, aquarium_subvault_bridge,
          aquarium_subvault_wall], aquarium_window_2,
          aquarium_window_corridor_2, aquarium_window_fake,
          aquarium_window_fake, aquarium_view_2d, aquarium_balcony_3a,
          guppyfry_early_orc_mine, uniq_natasha, uniq_grinder
D:4:      layout_rooms, marbit_many_paths, lemuel_doored_altar,
          lemuel_blue_sif_altar, minmay_temple_entry_sparse_star,
          hangedman_minor_gate_pass
D:5:      layout_basic, minmay_stone_trees_small, serial_bayou_lagoon_b
D:6:      layout_gridville, nicolae_overflow_quartered_altars,
          nicolae_ashenzari_skybound, hangedman_decor_opposing,
          uniq_crazy_yiuf_cottage
D:7:      layout_rooms, uniq_maurice
D:8:      erik_cavepeople, layout_rooms
D:9:      layout_cave_pools, lair_entry_dummy, david_orc_2, enter_bailey_2
D:10:     layout_gridville, lemuel_round_altar, small_statue_alley_a,
          minmay_misc_feat_alley, nicolae_have_a_lightning_rod
D:11:     layout_basic
D:12:     layout_irregular_city, gauntlet_entry_generic, grunt_decor_fettered,
          hellmonk_guarded_unrand_sphere_of_battle, uniq_erolcha, uniq_urug
D:13:     layout_basic, tgw_trog
D:14:     layout_basic, hellmonk_vaults_order_and_chaos, minivault_19
D:15:     gammafunk_depths_entry_grave, layout_stronghold, minmay_misc_feat_iff,
          gammafunk_ghost_ooze, pdpol_wu_jian_five_deadly_venoms, uniq_roxanne
Temple:   cyrus_circular_temple
Lair:1:   layout_roguey, portal_ice_cave_entry_ice_simulacra
Lair:2:   layout_misc_corridors, swamp_mist, uniq_nergalle
Lair:3:   nzn_winding_woodlands_huge [nzn_winding_woodlands_5x15_pathside_ponds,
          nzn_winding_woodlands_5x15_zeroes,
          nzn_winding_woodlands_5x15_longhouse,
          nzn_winding_woodlands_5x15_parted,
          nzn_winding_woodlands_5x15_concentric,
          nzn_winding_woodlands_5x15_sawtooth, nzn_winding_woodlands_5x15_cabin,
          nzn_winding_woodlands_5x15_twine, nzn_winding_woodlands_5x15_garden,
          nzn_winding_woodlands_5x15_crooked,
          nzn_winding_woodlands_center_diamonds,
          nzn_winding_woodlands_center_triple_pond,
          nzn_winding_woodlands_15x15_eel_pit], layout_regular_city,
          hellmonk_spider_entry_not_the_bees, pdpol_lair_cabin_in_the_woods
Lair:4:   layout_roguey, chequers_serial_rivers_room_b, serial_bayou_shore_a,
          infiniplex_staircase_pool_2, uniq_josephine
Lair:5:   grunt_lair_end_beastmaster, layout_small_grid,
          minmay_slime_entry_pillars
Swamp:1:  layout_falls_marsh, nicolae_swamp_small_spring, swamp_pool_1_2,
          nicolae_swamp_bloodsuckers_inc, uniq_frances
Swamp:2:  layout_falls_marsh, evilmike_swamp_ruin_house_6
Swamp:3:  layout_falls_marsh, evilmike_swamp_ruin_house_2, uniq_louise,
          uniq_donald, uniq_bai_suzhen, uniq_mara
Swamp:4:  swamp_basic_johnstein, layout_basic_swamp
Spider:1: layout_spider_delve
Spider:2: layout_spider_delve, guppyfry_spider_mini_3
Spider:3: spiders_nest_a, nicolae_spider_twisty_arc_passages
Spider:4: hellmonk_spider_rune_bug_friends, nicolae_spider_solar_radiation,
          uniq_arachne
Orc:1:    layout_caves, roderic_batcave, uniq_harold, uniq_jorgrun, uniq_fannar,
          uniq_sonja
Orc:2:    grunt_orc_community_town_hall, layout_caves,
          grunt_orc_community_big_house_2, grunt_orc_community_big_house_1,
          grunt_orc_community_house_2, grunt_orc_community_house_3,
          grunt_orc_community_house_3, grunt_orc_community_house_1,
          grunt_orc_community_house_1, serial_shops, nicolae_shop_crystal
Elf:1:    minmay_elf_arrival_plus, layout_gridlike, hangedman_elf_disciples,
          kb_rosetta
Elf:2:    nicolae_elf_blades_splatter_lattice [infiniplex_blade_entry_pillars],
          layout_loops_cross, roderic_roman_lattice
Vaults:1: hellmonk_ghost_big_iron, st_octagons_1, ontoclasm_vaults_hangar,
          nicolae_vaults_house_2, vaults_dpeg_encased_lava,
          nicolae_vaults_double_plus_1, grunt_vaults_hallway_long,
          nicolae_vaults_closet_pinwheel_3, nicolae_vaults_closet_pinwheel_4,
          hangedman_vaults_unwind, hangedman_vaults_locks,
          nicolae_vaults_cochlea, v_misc_9, vaults_room_door_ring,
          vaults_dpeg_ring, v_alt_pattern_6, nicolae_vaults_house_3,
          layout_vaults_omnicross, serial_shops, nicolae_shop_statue_plus,
          uniq_zenata, uniq_boris
Vaults:2: nicolae_vaults_puzzle_piece, minmay_crypt_entry_simple_round,
          v_misc_19, v_misc_16, nicolae_vaults_heart-shaped_vault,
          ontoclasm_vaults_fault, nicolae_vaults_sightless_eye,
          nicolae_vaults_border_crossing, nicolae_vaults_surprise_closet,
          layout_vaults_omnigrid, serial_shops, nicolae_shop_real_fake_doors,
          uniq_sojobo, uniq_saint_roka
Vaults:3: hangedman_vaults_slither, v_misc_10, ontoclasm_vaults_bender,
          v_rooms_4, nicolae_vaults_network_square, nicolae_vaults_house_3,
          hangedman_vaults_pinch, vaults_standard_mumra_enter_the_diamond,
          dpeg_vaults_hating_casters, nicolae_vaults_house_1,
          layout_vaults_omnibox
Vaults:4: v_pattern_2, nicolae_vaults_sesquioval_fish,
          nicolae_vaults_double_plus_1, nicolae_vaults_apartment_1, v_misc_11,
          nicolae_vaults_rhombus_5, nicolae_vaults_diamond_2,
          nicolae_vaults_diamond_2, vaults_room_pools,
          nicolae_vaults_offset_grid_hallway_2, vaults_mumra_hex,
          grunt_vaults_funnel, layout_vaults_big_room, serial_shops,
          nicolae_lakefront_shop

Skill      XL: |  1  2  3  4  5  6  7  8  9 10 11 12 13 14 15 16 17 18 19 20 |
---------------+-------------------------------------------------------------+-----
Fighting       | 4 5 6 7 9 11 12 13 14 15 16 18 19 20 21 22 24 | 24.4
Maces & Flails | 3 5 6 7 9 10 12 14 16 18 20 21 23 24 26 27 | 27.0
Armour         | 4 5 6 7 8 9 10 12 13 14 16 17 18 20 22 24 | 24.0
Invocations    | 2 4 5 7 8 10 11 12 | 12.0
Shields        | 6 9 |  9.9
Dodging        | 5 |  5.8

Action                     |  1- 3 |  4- 6 |  7- 9 | 10-12 | 13-15 | 16-18 | 19-21 || total
---------------------------+-------+-------+-------+-------+-------+-------+-------++-------
  Melee: Flail             |    56 |    63 |   240 |       |       |       |       ||   359
         Headbutt          |     6 |     9 |    78 |    97 |   159 |   273 |   228 ||   850
         War axe           |       |       |   168 |   193 |       |       |       ||   361
         Whip              |       |       |       |    52 |       |       |       ||    52
         Great mace        |       |       |       |   315 |   786 |  1111 |   867 ||  3079
  Throw: Throwing net      |       |       |       |     4 |       |       |       ||     4
         Dart              |       |       |       |     3 |     2 |       |       ||     5
 Invoke: Heroism           |       |       |     1 |     9 |     5 |    17 |    12 ||    44
         Finesse           |       |       |       |     3 |       |     6 |     8 ||    17
         Duel              |       |       |       |     2 |       |     2 |     2 ||     6
         Receive Weapon    |       |       |       |       |     1 |       |       ||     1
         Receive Armour    |       |       |       |       |     1 |       |       ||     1
  Evoke: Wand              |       |       |     2 |    14 |       |     3 |     1 ||    20
    Use: Scroll            |       |       |    10 |     3 |    17 |    19 |    12 ||    61
         Potion            |       |       |       |     3 |     1 |     7 |     5 ||    16
   Stab: Paralysed         |       |       |     5 |     5 |       |       |       ||    10
         Held in net/web   |       |       |       |     3 |       |       |       ||     3
         Petrified         |       |       |       |       |     5 |       |       ||     5
         Petrifying        |       |       |       |       |     2 |       |       ||     2
         Distracted        |       |       |       |       |       |       |     1 ||     1
 Armour: Scale mail        |    58 |    50 |    86 |     9 |     8 |       |       ||   211
         Chain mail        |       |       |   245 |   507 |   413 |       |       ||  1165
         Skin              |       |       |    45 |       |       |       |       ||    45
         Crystal plate arm |       |       |       |       |    94 |       |       ||    94
         Ring mail         |       |       |       |       |   453 |  1216 |   784 ||  2453
  Dodge: Dodged            |    27 |    40 |   141 |   310 |   474 |   678 |   343 ||  2013
  Block: Buckler           |    25 |    15 |    84 |    72 |       |       |       ||   196
         Other             |       |       |       |       |       |    47 |   139 ||   186
         Reflection        |       |       |       |       |       |     5 |    13 ||    18

Table legend: (Time is in decaauts)
 A = Elapsed time spent in this place.
 B = Non-inter-level travel time spent in this place.
 C = Inter-level travel time spent in this place.
 D = Time resting spent in this place.
 E = Time spent auto-exploring this place.
 F = Levels seen in this place.
 G = Mean time per level.
                   A        B        C        D        E       F      G
               +--------+--------+--------+--------+--------+-----+--------+
         Total |  52518 |  49511 |   3007 |   5060 |  35586 |  46 | 1141.7 |
       Dungeon |  14888 |  13689 |   1199 |    694 |  10160 |  15 |  992.5 |
        Temple |     14 |      8 |      6 |      0 |      0 |   1 |   14.0 |
          Lair |   7872 |   7429 |    443 |    435 |   5988 |   5 | 1574.4 |
         Swamp |   4999 |   4778 |    221 |    730 |   3330 |   4 | 1249.8 |
   Spider Nest |   7208 |   6685 |    523 |   1538 |   3795 |   4 | 1802.0 |
  Orcish Mines |   4302 |   4027 |    275 |    568 |   2736 |   2 | 2151.0 |
   Elven Halls |   1558 |   1553 |      5 |    155 |   1030 |   2 |  779.0 |
        Vaults |  10366 |  10033 |    333 |    841 |   7867 |   4 | 2591.5 |
        Bailey |    694 |    694 |      0 |      0 |    527 |   1 |  694.0 |
      Ice Cave |    187 |    187 |      0 |     49 |     26 |   1 |  187.0 |
      Gauntlet |    277 |    277 |      0 |      0 |    109 |   1 |  277.0 |
         Arena |    148 |    148 |      0 |     49 |     17 |   6 |   24.7 |
               +--------+--------+--------+--------+--------+-----+--------+

Top non-repeatable levels by time:
Vaults:1: 3681 daAuts
  Lair:3: 3581 daAuts
Spider:3: 2825 daAuts
Vaults:3: 2728 daAuts
   Orc:2: 2214 daAuts
Vaults:2: 2196 daAuts
   Orc:1: 2087 daAuts
    D:15: 2014 daAuts
 Swamp:3: 1935 daAuts
Vaults:4: 1760 daAuts
Spider:4: 1612 daAuts
  Lair:5: 1603 daAuts
Spider:2: 1433 daAuts
 Swamp:4: 1404 daAuts
     D:5: 1363 daAuts
